 Dungeon Crawl Stone Soup version 0.26-a0-752-gcff87cac9a (webtiles) character file.

Game seed: 9026833205022721349

15185 jiml777 the Thaumaturge (level 11, 0/54 HPs)
             Began as a Deep Elf Air Elementalist on Nov 6, 2020.
             Was a High Priest of Sif Muna.
             Killed from afar by Jorgrun (38 damage)
             ... with an iron shot
             ... on level 1 of the Orcish Mines on Nov 7, 2020.
             The game lasted 01:58:17 (16770 turns).

jiml777 the Thaumaturge (DEAE)                     Turns: 16770, Time: 01:58:18

Health: 0/54       AC:  6    Str:  5    XL:     11   Next: 98%
Magic:  24/29      EV: 13    Int: 32    God:    Sif Muna [*****.]
Gold:   586        SH:  5    Dex: 15    Spells: 13/35 levels left

rFire    . . .     SeeInvis .   u - staff of air
rCold    . . .     Faith    .   (no shield)
rNeg     . . .     Spirit   .   n - +1 robe "Meixinum" {Int+2}
rPois    .         Reflect  +   (no helmet)
rElec    +         Harm     .   (no cloak)
rCorr    .         Rampage  .   (no gloves)
MR       +....                  m - +2 pair of boots
Stlth    ++........             y - amulet of reflection
HPRegen  0.18/turn              f - +6 ring of intelligence
MPRegen  0.21/turn              (no ring)

@: grasped by roots, constricted
A: no striking features
a: Channel Magic, Forget Spell, Divine Exegesis, Renounce Religion


You were on level 1 of the Orcish Mines.
You worshipped Sif Muna.
Sif Muna was extremely pleased with you.
You visited 3 branches of the dungeon, and saw 12 of its levels.

You collected 782 gold pieces.
You spent 196 gold pieces at shops.

Inventory:

Hand Weapons
 d - a +1 short sword of speed
Missiles
 i - 319 arrows
 j - 73 poisoned darts (quivered)
 G - 10 curare-tipped darts
Armour
 m - a +2 pair of boots (worn)
 n - the +1 robe "Meixinum" (worn) {Int+2}
   (You took it off a gnoll on level 5 of the Dungeon)

   It affects your intelligence (+2).
 A - +0 steam dragon scales
 D - +0 swamp dragon scales
 E - a +0 buckler
Magical Staves
 a - an uncursed staff of death
 u - an uncursed staff of air (weapon)
Jewellery
 f - a +6 ring of intelligence (left hand)
 w - an uncursed amulet of guardian spirit
 y - an amulet of reflection (around neck)
Wands
 c - a wand of digging (7)
 r - a wand of flame (13)
 x - a wand of polymorph (6)
 z - a wand of acid (7)
 C - a wand of random effects (18)
Scrolls
 b - 4 scrolls of remove curse
 h - 7 scrolls of teleportation
 l - a scroll of enchant armour
 p - a scroll of blinking
 F - a scroll of summoning
 H - a scroll of fog
 J - 7 scrolls of identify
Potions
 e - 4 potions of curing
 g - a potion of heal wounds
 k - 3 potions of brilliance
 o - a potion of cancellation
 q - a potion of mutation
 s - 5 potions of might
 t - 2 potions of haste
 v - a potion of resistance
 B - 2 potions of ambrosia
 I - a potion of invisibility


   Skills:
 - Level 1.0 Short Blades
 + Level 3.3 Staves
 + Level 3.0 Throwing
 - Level 6.4 Dodging
 - Level 3.2 Stealth
 + Level 0.4 Shields
 + Level 12.8 Spellcasting
 * Level 8.4 Conjurations
 * Level 4.6 Hexes
 * Level 3.4 Transmutations
 + Level 9.7 Air Magic
 * Level 7.5 Invocations
 * Level 7.6 Evocations


You had 13 spell levels left.
You knew the following spells:

 Your Spells              Type           Power        Failure   Level
a - Shock                 Conj/Air       ####         1%          1
b - Swiftness             Air            #######.     1%          2
c - Static Discharge      Conj/Air       #######.     1%          3
d - Airstrike             Air            #######...   1%          4
e - Lightning Bolt        Conj/Air       #######...   1%          5
f - Irradiate             Conj/Tmut      ######....   5%          5
g - Slow                  Hex            #####...     1%          2

Your spell library contained the following spells:

 Spells                   Type           Power        Failure   Level
 Corona                   Hex            #####..      1%          1
 Passwall                 Tmut/Erth      ####....     1%          2
 Poisonous Vapours        Pois/Air       ######       1%          2
 Stone Arrow              Conj/Erth      #####.       1%          3
 Animate Skeleton         Necr           ###...       2%          1
 Freeze                   Ice            ###.         2%          1
 Pain                     Necr           ###.         2%          1
 Sandblast                Erth           ###...       2%          1
 Inner Flame              Hex/Fire       #####...     2%          3
 Portal Projectile        Hex/Tloc       #####.       2%          3
 Sublimation of Blood     Necr           ###.......   3%          2
 Spider Form              Tmut/Pois      ####......   3%          3
 Cause Fear               Hex            #####.....   3%          4
 Hailstorm                Conj/Ice       #####...     4%          4
 Frozen Ramparts          Ice            ###...       7%          3
 Ozocubu's Armour         Ice            ###.....     7%          3
 Vampiric Draining        Necr           ###.......   7%          3
 Leda's Liquefaction      Hex/Erth       #####.....   9%          4
 Petrify                  Tmut/Erth      ####....     11%         4
 Animate Dead             Necr           ###.......   22%         4
 Summon Ice Beast         Ice/Summ       ###.....     22%         4
 Agony                    Necr           ###.....     54%         5
 Lee's Rapid Deconstruct  Erth           ###.......   54%         5
 Eringya's Noxious Bog    Tmut/Pois      ####......   86%         6
 Tornado                  Air            #######...   100%        9


Dungeon Overview and Level Annotations

Branches:
Dungeon (10/15)            Temple (1/1) D:4            Lair (0/6) D:9
    Orc (1/2) D:10

Altars:
Ashenzari
Elyvilon
Fedhas
Makhleb
Nemelex Xobeh
Okawaru
Ru
Sif Muna
Trog
Vehumet
Wu Jian
Xom
Yredelemnul
Zin
The Shining One

Shops:
D:10 ?

Annotations:
D:8 1 exclusion
Orc:1 Jorgrun


Message History

The wall shatters!
The blast of rock fragments hits you!!
Ouch! That really hurt!
You feel much better. Jorgrun casts a spell at you.
Roots burst forth from the earth!
The grasping roots grab you! The grasping roots constrict you.
Casting: Lightning Bolt (dangerous; 1% risk of failure)
Confirm with . or Enter, or press ? or * to list all spells.
Press: ? - help, Shift-Dir - straight line, f - troll, p - Jorgrun
Aim: a troll You feel a surge of power!
You hear a mighty clap of thunder!
The bolt of lightning misses Jorgrun.
The bolt of lightning hits the troll!!!
You kill the troll!
Sif Muna accepts your kill. Jorgrun gestures at you while chanting.
The iron shot hits you!!!
Ouch! That really hurt!
You die...

.... $). ###.#
.$....#$.##.#.#
#......T#)....#
.$....>.......##
#......^..#...)##
......#.#...<..#
##....##...#$##
#......g..####
##.##@##.##
######


You could see Jorgrun.

Vanquished Creatures
  2 two-headed ogres
  Pikel (D:8)
  An orc sorcerer (Orc:1)
  2 guardian serpents (D:9)
  Maggie (D:8)
  A kobold demonologist (D:8)
  2 trolls
  2 shadows (D:10)
  A wraith (D:10)
  2 wyverns (D:10)
  3 yaks (D:10)
  A steam dragon (D:8)
  Eustachio (D:5)
  2 insubstantial wisps (D:8)
  4 wargs
  A two-headed ogre zombie (D:10)
  5 orc warriors
  2 ice beasts
  5 sky beasts
  5 black bears
  5 centaurs
  10 ogres
  3 phantoms
  An eye of draining (D:10)
  A lemure (D:8)
  10 big kobolds
  4 bullfrogs
  2 gnoll sergeants
  A scorpion (D:5)
  3 killer bees (D:10)
  A troll zombie (D:10)
  3 wights (D:10)
  3 bullfrog zombies
  5 howler monkeys
  2 hounds
  A centaur zombie (D:9)
  8 iguanas
  8 orc priests
  A bullfrog skeleton (D:6)
  5 gnoll shamans
  A jelly (D:9)
  A centaur skeleton (D:6)
  9 orc wizards
  7 worker ants
  Terence (D:3)
  6 ogre zombies (D:10)
  A hound skeleton (D:9)
  Robin (D:3)
  2 worker ant zombies
  51 gnolls
  A howler monkey skeleton (D:10)
  10 adders
  2 shadow imps
  5 white imps
  2 ufetubi
  2 oozes
  2 adder zombies
  2 adder skeletons
  2 worms
  A dart slug (D:2)
  3 leopard geckos
  30 orcs
  6 bats
  4 giant cockroaches
  15 goblins
  6 hobgoblins
  32 jackals
  25 kobolds
  3 quokkas
  2 ball pythons
  5 frilled lizards
  2 goblin skeletons (D:10)
  2 goblin zombies (D:10)
  A hobgoblin skeleton (D:10)
  A jackal skeleton (D:3)
  2 orc skeletons (D:10)
  18 orc zombies (D:10)
  A quokka skeleton (D:8)
  A rat (D:2)
389 creatures vanquished.

Vanquished Creatures (others)
  An unseen horror (D:10)
  A gnoll (D:10)
  A plant (D:5)
3 creatures vanquished.

Grand Total: 392 creatures vanquished

Notes
Turn   | Place    | Note
-------+----------+-------------------------------------------
     0 | D:1      | jiml777 the Deep Elf Air Elementalist began the quest for
                  | the Orb.
     0 | D:1      | Reached XP level 1. HP: 10/10 MP: 6/6
   258 | D:1      | Reached XP level 2. HP: 15/15 MP: 5/8
   365 | D:1      | Learned a level 2 spell: Swiftness
  1103 | D:2      | Reached XP level 3. HP: 19/19 MP: 7/9
  1694 | D:2      | Reached XP level 4. HP: 24/24 MP: 2/11
  1777 | D:2      | You fall into a shaft and drop 2 floors!
  2935 | D:3      | Learned a level 3 spell: Static Discharge
  2940 | D:3      | Learned a level 4 spell: Airstrike
  3063 | D:3      | Noticed Terence
  3063 | D:3      | Noticed Robin
  3077 | D:3      | Reached skill level 4 in Spellcasting
  3101 | D:3      | Killed Robin
  3172 | D:3      | Killed Terence
  3172 | D:3      | Reached XP level 5. HP: 20/28 MP: 9/13
  3620 | D:4      | Reached skill level 5 in Spellcasting
  4034 | D:4      | Reached XP level 6. HP: 30/32 MP: 6/15
  4594 | D:4      | Found an iron altar of Okawaru.
  4599 | D:4      | Found a white marble altar of Elyvilon.
  4603 | D:4      | Found a basalt altar of Yredelemnul.
  4606 | D:4      | Found a broken altar of Ashenzari.
  4792 | D:4      | Reached skill level 5 in Air Magic
  4794 | D:4      | Reached skill level 6 in Spellcasting
  5071 | D:4      | Reached XP level 7. HP: 36/36 MP: 9/18
  5209 | D:4      | Found a staircase to the Ecumenical Temple.
  5215 | Temple   | Entered the Ecumenical Temple
  5328 | Temple   | Became a worshipper of Sif Muna the Loreminder
  5481 | D:5      | Entered Level 5 of the Dungeon
  6025 | D:5      | Reached skill level 7 in Spellcasting
  6244 | D:5      | Noticed Eustachio
  6247 | D:5      | Killed Eustachio
  6247 | D:5      | Reached skill level 1 in Short Blades
  6591 | D:5      | Reached * piety under Sif Muna
  6645 | D:5      | Identified the +1 robe "Meixinum" {Int+2}
  6661 | D:5      | Reached skill level 8 in Spellcasting
  6662 | D:5      | Reached skill level 1 in Invocations
  6662 | D:5      | Reached XP level 8. HP: 30/41 MP: 2/22
  6814 | D:5      | Reached skill level 1 in Evocations
  7885 | D:5      | Reached ** piety under Sif Muna
  8711 | D:6      | Reached skill level 9 in Spellcasting
  8805 | D:6      | Learned a level 5 spell: Lightning Bolt
  8973 | D:6      | Identified the Handbook of Venomous Changing
  8982 | D:6      | Found a glowing silver altar of Zin.
  9184 | D:6      | Found a broken altar of Ashenzari.
  9789 | D:6      | Reached XP level 9. HP: 45/45 MP: 19/24
  9790 | D:6      | Reached skill level 10 in Spellcasting
  9790 | D:6      | Reached skill level 5 in Invocations
  9790 | D:6      | Reached skill level 5 in Evocations
  9790 | D:6      | Reached XP level 10. HP: 50/50 MP: 19/26
 10866 | D:7      | Found a glowing golden altar of the Shining One.
 10866 | D:7      | Found a shimmering altar of Xom.
 11056 | D:8      | Learned a level 5 spell: Irradiate
 11221 | D:8      | Noticed a two-headed ogre
 11226 | D:8      | Killed a two-headed ogre
 11226 | D:8      | Reached skill level 11 in Spellcasting
 11408 | D:8      | Reached *** piety under Sif Muna
 11467 | D:8      | Noticed Maggie
 11471 | D:8      | Killed Maggie
 11863 | D:8      | Learned a level 2 spell: Slow
 11934 | D:8      | Noticed Pikel
 11939 | D:8      | Killed Pikel
 11939 | D:8      | Reached skill level 1 in Hexes
 11939 | D:8      | Reached skill level 1 in Transmutations
 11943 | D:8      | Reached XP level 11. HP: 54/54 MP: 10/28
 12564 | D:9      | Found a staircase to the Lair.
 12719 | D:9      | Reached **** piety under Sif Muna
 13465 | D:9      | Reached skill level 12 in Spellcasting
 14108 | D:10     | Entered Level 10 of the Dungeon
 14135 | D:10     | Killed an unseen horror
 14135 | D:10     | Noticed a two-headed ogre
 15599 | D:10     | Reached ***** piety under Sif Muna
 15697 | D:10     | Found Qolon's Magic Scroll Shop.
 15706 | D:10     | Bought a scroll of identify for 28 gold pieces
 15706 | D:10     | Bought 2 scrolls of identify for 56 gold pieces
 15706 | D:10     | Bought a scroll of identify for 28 gold pieces
 15706 | D:10     | Bought 3 scrolls of identify for 84 gold pieces
 15822 | D:10     | Killed a two-headed ogre
 16371 | D:10     | Found a staircase to the Orcish Mines.
 16744 | Orc:1    | Entered Level 1 of the Orcish Mines
 16745 | Orc:1    | Noticed an orc sorcerer
 16748 | Orc:1    | Killed an orc sorcerer
 16748 | Orc:1    | Identified Ikawnell's Tome of Flight and Evil Arts (Sif
                  | Muna gifted it to you on level 1 of the Orcish Mines)
 16748 | Orc:1    | Received a gift from Sif Muna
 16757 | Orc:1    | Noticed Jorgrun
 16770 | Orc:1    | Killed from afar by Jorgrun

Illustrated notes

Levels and vault maps discovered:
D:1:      lemuel_arrival_lava_pool, layout_basic, nrook_mini_vaults
D:2:      layout_basic
D:3:      layout_basic, uniq_terence, uniq_robin
D:4:      layout_cave_pools, grunt_temple_overflow_cloverleaf,
          nicolae_overflow_hidden_temple, minmay_temple_entry_fiery,
          nrook_mini_backslash
D:5:      lemuel_castle_with_subvaults [lemuel_castle_interior_carwin_3],
          layout_loops_ring, kennysheep_opposing_triangles, uniq_eustachio
D:6:      layout_basic, zin_treasury, basic_altar
D:7:      layout_cave_pods, amethyst_overflow_temple_binary
D:8:      layout_rooms, special_room [special_room_kobold],
          hangedman_misty_isle, uniq_pikel, uniq_maggie
D:9:      nrook_guardian_serpent_snake_passage, layout_gridville,
          erik_lair_orcish_takeover
D:10:     layout_loops_ring, zombieorc2_lemuel, serial_shops, shop_fountains,
          grunt_potential
Temple:   nicolae_temple_figure_eight
Orc:1:    layout_caves, serial_shops, shop_statue, shop, uniq_jorgrun

Skill      XL: |  1  2  3  4  5  6  7  8  9 10 11 |
---------------+----------------------------------+-----
Stealth        | 3 |  3.2
Dodging        | 3 6 |  6.4
Air Magic      | 4 5 6 7 8 9 |  9.7
Spellcasting   | 4 5 6 8 9 10 11 12 | 12.8
Conjurations   | 2 3 4 7 8 |  8.4
Short Blades   | 1 |  1.0
Invocations    | 1 3 5 6 7 |  7.5
Evocations     | 2 5 6 7 |  7.6
Staves         | 3 |  3.3
Throwing       | 3 |  3.0
Hexes          | 1 4 |  4.6
Transmutations | 1 3 |  3.4
Shields        | |  0.4

Action                   |  1- 3 |  4- 6 |  7- 9 | 10-12 || total
-------------------------+-------+-------+-------+-------++-------
Melee: Short sword       |       |     6 |    19 |       ||    25
 Cast: Shock             |    58 |    92 |    45 |    51 ||   246
       Airstrike         |       |    14 |    94 |   220 ||   328
       Swiftness         |       |       |     1 |       ||     1
       Lightning Bolt    |       |       |       |    50 ||    50
Invok: Channel Magic     |       |       |       |    11 ||    11
Evoke: Wand              |       |       |     1 |       ||     1
  Use: Scroll            |       |     7 |    13 |     6 ||    26
       Potion            |       |       |     2 |     2 ||     4
Armor: Robe              |    15 |     3 |     6 |     8 ||    32
Dodge: Dodged            |    42 |    31 |    20 |    31 ||   124
Block: Other             |       |       |       |    10 ||    10
       Reflection        |       |       |       |     7 ||     7

Table legend: (Time is in decaauts)
 A = Elapsed time spent in this place.
 B = Non-inter-level travel time spent in this place.
 C = Inter-level travel time spent in this place.
 D = Time resting spent in this place.
 E = Time spent auto-exploring this place.
 F = Levels seen in this place.
 G = Mean time per level.
                   A        B        C        D        E       F      G
               +--------+--------+--------+--------+--------+-----+--------+
         Total |  16784 |  16440 |    344 |   8007 |   4655 |  12 | 1398.7 |
       Dungeon |  16635 |  16300 |    335 |   8007 |   4546 |  10 | 1663.5 |
        Temple |    122 |    113 |      9 |      0 |    109 |   1 |  122.0 |
  Orcish Mines |     25 |     25 |      0 |      0 |      0 |   1 |   25.0 |
               +--------+--------+--------+--------+--------+-----+--------+

Top non-repeatable levels by time:
     D:5: 3127 daAuts
    D:10: 2489 daAuts
     D:9: 1859 daAuts
     D:4: 1551 daAuts
     D:3: 1512 daAuts
     D:6: 1442 daAuts
     D:8: 1354 daAuts
     D:2: 1198 daAuts
     D:1: 1102 daAuts
     D:7: 996 daAuts
  Temple: 122 daAuts
   Orc:1: 25 daAuts
